 Dungeon Crawl Stone Soup version 0.31-a0-925-g0a390f2509 (webtiles) character file.

Game seed: 6535857458131794711

196 Dirtsage the Chopper (level 5, -3/35 (41) HPs)
             Began as a Demonspawn Fighter on Oct 18, 2023.
             Slain by an ice beast (7 damage)
             ... on level 4 of the Dungeon.
             The game lasted 00:03:50 (2925 turns).

Dirtsage the Chopper (Demonspawn Fighter)           Turns: 2925, Time: 00:03:50

HP:   -3/35 (41)    AC: 12    Str: 18    XL:     5   Next: 46%
MP:   5/5           EV: 10    Int:  9    God:
Gold: 274           SH:  4    Dex: 13    Spells: 4/4 levels left

rFire   . . .        b - +1 hand axe (elec)
rCold   . . .        c - +0 buckler
rNeg    . . .        l - +3 ring mail
rPois   .            (no helmet)
rElec   .            h - scarf {repulsion}
rCorr   .            (no gloves)
SInv    .            (no boots)
Will    .....        (no amulet)
Stlth   +            q - +4 ring of protection
HPRegen 0.25/turn    (no ring)
MPRegen 0.09/turn

%: repel missiles
@: mighty, heavily drained
A: hooves 2, sturdy frame 1
a: no special abilities


You were on level 4 of the Dungeon.
You visited 1 branch of the dungeon, and saw 4 of its levels.

You collected 274 gold pieces.

Inventory:

Hand Weapons
 a - a +0 war axe
 b - a +1 hand axe of electrocution (weapon)
Armour
 c - a +0 buckler (worn)
 h - a scarf of repulsion (worn)
 l - a +3 ring mail (worn)
Jewellery
 q - a +4 ring of protection (left hand)
Scrolls
 e - 5 scrolls of teleportation {unknown}
 f - a scroll of enchant armour {unknown}
 i - 3 scrolls of identify {unknown}
 j - 2 scrolls of enchant weapon {unknown}
 k - a scroll of torment {unknown}
 m - a scroll of immolation {unknown}
 n - a scroll of poison {unknown}
 o - a scroll of noise {unknown}
Potions
 g - 2 potions of enlightenment {unknown}
 p - a potion of resistance {unknown}


   Skills:
 - Level 3.0 Fighting
 + Level 5.3 Axes
 - Level 2.6 Armour
 - Level 2.6 Shields


You had 4 spell levels left.
You didn't know any spells.
Your spell library contained the following spells:

 Spells                   Type           Power      Damage    Failure   Level
 Poisonous Vapours        Pois/Air       0%         N/A       71%         2
 Animate Dead             Necr           0%         N/A       100%        4
 Flame Wave               Conj/Fire      0%         2d4       100%        4
 Olgreb's Toxic Radiance  Pois           0%         N/A       100%        4
 Eringya's Noxious Bog    Tmut/Pois      0%         4d6       100%        6
 Simulacrum               Ice/Necr       0%         N/A       100%        6
 Lehudib's Crystal Spear  Conj/Erth      0%         10d2      100%        8


Dungeon Overview and Level Annotations

Branches:
Dungeon (4/15)
 Temple: D:4-7

Altars:
Nemelex Xobeh

Annotations:
D:4 Blork the orc


Innate Abilities, Weirdness & Mutations

You have hoof-like feet.
Your movements are slightly less encumbered by armour. (ER -2)


Message History

You hit the dart slug. You kick the dart slug.
The dart slug is severely wounded.
You block the dart slug's attack.
You slash the dart slug!
You kill the dart slug!
No target in view!
There is a stone staircase leading down here.
Items here: )) [[ ††.
Things that are here:
a +0 trident; an orc corpse You see here a +0 whip.
e - 5 scrolls labelled ZETATH PIDUPU (gained 1)
You now have 274 gold pieces (gained 6).
Blork the orc comes into view.
He is wielding a +6 dire flail of draining.
Blork the orc shouts!
Blork the orc hits you with a +6 dire flail of draining.
You feel drained.
You take 6 damage, and have 35/39 hp.
You hit Blork the orc. Your kick misses Blork the orc.
Blork the orc is lightly wounded.
Blork the orc completely misses you.
An ice beast comes into view.
You barely miss Blork the orc.
Blork the orc is lightly wounded.
Blork the orc hits you with a +6 dire flail of draining!
You feel drained.
You take 19 damage, and have 17/37 hp.
MASSIVE DAMAGE!!
You feel very mighty all of a sudden. Blork the orc barely misses you.
You hit Blork the orc. Your kick misses Blork the orc.
Blork the orc is moderately wounded.
Blork the orc hits you with a +6 dire flail of draining!
* * * LOW HITPOINT WARNING * * *
You feel drained.
* * * LOW HITPOINT WARNING * * *
Blork the orc hits you but does no damage.
You feel drained. The ice beast hits you.
* * * LOW HITPOINT WARNING * * *
The ice beast freezes you!
You die...

♣♣.#####.##.# #.# #
♣~♣........#.####)###
~~..........)...)....
♣~..###............##
♣ ♣.....##...........
♣ #.########.#####.##
♣♣#.#. #.# #.#
♣....Y########.# #.#
#...o@........# #.#
#.############# #.#
#.# #.# ..#


You could see Blork the orc and an ice beast.

Vanquished Creatures
  A phantom (D:4)
  2 adders
  4 gnolls (D:3)
  A worm (D:3)
  2 dart slugs
  6 orcs
  5 ball pythons
  5 bats
  2 endoplasms
  2 giant cockroaches
  5 goblins
  5 hobgoblins
  A kobold (D:1)
  4 quokkas
  5 frilled lizards
  6 rats
56 creatures vanquished.

Notes
Turn   | Place    | Note
-------+----------+-------------------------------------------
     0 | D:1      | Dirtsage the Demonspawn Fighter began the quest for the
                  | Orb.
     0 | D:1      | Reached XP level 1. HP: 18/18 MP: 1/1
   107 | D:1      | Reached skill level 2 in Axes
   280 | D:1      | Got the Incunable of Vitiation and Embers
   555 | D:1      | Gained mutation: You have large cloven feet. [demonic
                  | ancestry]
   555 | D:1      | Reached XP level 2. HP: 20/24 MP: 2/2
   951 | D:2      | Identified the "Gosed"
  1053 | D:2      | Reached skill level 3 in Axes
  1117 | D:2      | You fall into a shaft and drop 2 floors!
  1188 | D:2      | Gained mutation: Your movements are slightly less
                  | encumbered by armour. (ER -2) [demonic ancestry]
  1188 | D:2      | Reached XP level 3. HP: 29/29 MP: 3/3
  1369 | D:2      | Found a faded altar of an unknown god.
  2064 | D:3      | Reached skill level 4 in Axes
  2064 | D:3      | Reached XP level 4. HP: 27/35 MP: 4/4
  2262 | D:3      | Identified the +1 leather armour "Xory" {rC+ rN+ Dex-5
                  | SInv}
  2327 | D:3      | Found a faded altar of an unknown god.
  2333 | D:3      | Found a sparkling altar of Nemelex Xobeh.
  2830 | D:4      | Noticed a phantom
  2841 | D:4      | Killed a phantom
  2842 | D:4      | Reached skill level 5 in Axes
  2842 | D:4      | Gained mutation: You have hoof-like feet. [demonic
                  | ancestry]
  2842 | D:4      | Reached XP level 5. HP: 33/41 MP: 5/5
  2919 | D:4      | Noticed Blork the orc
  2922 | D:4      | Noticed an ice beast
  2925 | D:4      | Slain by an ice beast

Illustrated notes

Levels and vault maps discovered:
D:1:      lemuel_arrival_broad_hall, layout_basic
D:2:      layout_basic, ebering_ecumenical_altar_box, minmay_hexomino_p4
D:3:      layout_loops_ring, nicolae_overflow_ecumenical_swirl,
          kennysheep_generic_room_5
D:4:      layout_loops_ring, mainiacjoe_overflow_small_starburst,
          chequers_serial_rivers_room_a, serial_bayou_crossing,
          uniq_blork_the_orc, uniq_edmund

Skill      XL: |  1  2  3  4 |
---------------+-------------+-----
Axes           | 2 3 4 5 |  5.3
Fighting       | |  3.0
Armour         | |  2.6
Shields        | |  2.6

Action                     |  1- 3 |  4- 6 || total
---------------------------+-------+-------++-------
  Melee: War axe           |    85 |     8 ||    93
         Kick              |    12 |    13 ||    25
         Hand axe          |       |    50 ||    50
    Use: Potion            |       |     1 ||     1
 Armour: Scale mail        |    40 |       ||    40
         Ring mail         |    13 |    38 ||    51
  Dodge: Dodged            |    39 |    25 ||    64
  Block: Buckler           |    18 |    12 ||    30

Table legend: (Time is in decaauts)
 A = Elapsed time spent in this place.
 B = Non-inter-level travel time spent in this place.
 C = Inter-level travel time spent in this place.
 D = Time resting spent in this place.
 E = Time spent auto-exploring this place.
 F = Levels seen in this place.
 G = Mean time per level.
                   A        B        C        D        E       F      G
               +--------+--------+--------+--------+--------+-----+--------+
         Total |   2965 |   2846 |    119 |      0 |   2462 |   4 |  741.2 |
       Dungeon |   2965 |   2846 |    119 |      0 |   2462 |   4 |  741.2 |
               +--------+--------+--------+--------+--------+-----+--------+

Top non-repeatable levels by time:
     D:2: 1001 daAuts
     D:1: 961 daAuts
     D:3: 828 daAuts
     D:4: 174 daAuts
